 Dungeon Crawl Stone Soup version 0.30-a0-1164-ge08a67761e (webtiles) character file.

Game seed: 18258862514864861968

2 Arcadio the Ruffian (level 1, 0/20 HPs)
             Began as a Djinni Berserker on Apr 23, 2023.
             Was a Follower of Trog.
             Constricted to death by a ball python (1 damage)
             ... on level 1 of the Dungeon on Apr 29, 2023.
             The game lasted 00:02:56 (71 turns).

Arcadio the Ruffian (Djinni Berserker)                Turns: 71, Time: 00:02:57

Health: 0/20       AC:  2    Str: 16    XL:     1   Next: 33%
Gold:   10         EV:  9    Int:  8    God:    Trog [*.....] SH:  0 Dex: 12

rFire   + +          .
                       - Unarmed
rCold   x . .        (no shield)
rNeg    . . .        a - +0 animal skin
rPois   ∞            (no helmet)
rElec   .            (no cloak)
rCorr   .            (no gloves)
SInv    .            (boots unavailable)
Will    .....        (no amulet)
Stlth   +            (no ring)
HPRegen 0.23/turn    (no ring)
MPRegen 0.00/turn

%: infuse magic (-1 HP)
@: flying, constricted
A: sickness immunity, fire resistance 2, cold vulnerability 1, float, innate
caster, HP casting, extra vitality 1
a: Renounce Religion, Berserk


You were on level 1 of the Dungeon.
You worshipped Trog.
Trog was aware of your devotion.
You visited 1 branch of the dungeon, and saw 1 of its levels.

You collected 10 gold pieces.

Inventory:

Armour
 a - a +0 animal skin (worn)


   Skills:
 + Level 3.0 Fighting
 + Level 2.0 Armour
 + Level 2.2 Dodging
 + Level 3.0 Unarmed Combat You didn't know any spells. Your spell library was empty.

Dungeon Overview and Level Annotations

Branches:
Dungeon (1/15) Zot: 5929

Altars:


Innate Abilities, Weirdness & Mutations

You are immune to sickness and miasma.
You are immune to poison.
Your flesh is very heat resistant. (rF++)
You are vulnerable to cold. (rC-)
You float through the air rather than walking.
You learn spells naturally, not from books.
Your magical power is your life essence.
You have superior vitality. (+4 MHP)


Message History

You hit the ball python but do no damage.
The ball python is heavily wounded.
The ball python bites you.
* * * LOW HITPOINT WARNING * * *
The ball python constricts you.
You escape the ball python's grasp.
The ball python barely misses you. The ball python closely misses you.
The ball python attacks as you move away!
The ball python bites you.
* * * LOW HITPOINT WARNING * * *
Unknown command.
Unknown command.
Unknown command.
Unknown command.
Unknown command.
Unknown command.
Unknown command.
Unknown command.
Unknown command.
Unknown command.
Unknown command.
Welcome back, Arcadio the Djinni Berserker.
Trog says: Kill them all!
Press ? for a list of commands and other information.
Welcome back, Arcadio the Djinni Berserker.
Trog says: Kill them all!
Press ? for a list of commands and other information.
Welcome back, Arcadio the Djinni Berserker.
Trog says: Kill them all!
Press ? for a list of commands and other information.
You barely miss the ball python.
The ball python is heavily wounded.
The ball python closely misses you. The ball python barely misses you.
You hit the ball python but do no damage.
The ball python is heavily wounded.
The ball python bites you.
* * * LOW HITPOINT WARNING * * *
The ball python misses you. x2; The ball python grabs you.
The ball python constricts you.
You die...

#........# #. #........# #.
#........#
#####.####........#####
.........#............##
.........#.†......###..#
........#.(......####'##
.................#......
#######.##@##.......#.8.8.8
.........#S#######.##......
.......†.........#..+.8.<.8
..........######.####......
...........# #.8.8.8
.........#.# #......
.........#... ####+##
.........###.# ##########
..#


You could see a ball python.

Vanquished Creatures
  A bat (D:1)
  A rat (D:1)
2 creatures vanquished.

Notes
Turn   | Place    | Note
-------+----------+-------------------------------------------
     0 | D:1      | Arcadio the Djinni Berserker began the quest for the Orb.
     0 | D:1      | Reached XP level 1. HP: 20/20 MP: 0/0
    70 | D:1      | Upgraded the game from 0.30-a0-1124-g6e8f0f562f to
                  | 0.30-a0-1161-g0704695555
    70 | D:1      | Upgraded the game from 0.30-a0-1161-g0704695555 to
                  | 0.30-a0-1164-ge08a67761e
    71 | D:1      | HP: 1/20 [ball python (2)]
    71 | D:1      | Constricted to death by a ball python

Illustrated notes

Levels and vault maps discovered:
D:1:      doesnt_arrival_eight_statues, layout_basic

Action                     || total
---------------------------++-------
  Melee: Unarmed           ||    26
 Armour: Animal skin       ||     6
  Dodge: Dodged            ||    27

Table legend: (Time is in decaauts)
 A = Elapsed time spent in this place.
 B = Non-inter-level travel time spent in this place.
 C = Inter-level travel time spent in this place.
 D = Time resting spent in this place.
 E = Time spent auto-exploring this place.
 F = Levels seen in this place.
 G = Mean time per level.
                   A        B        C        D        E       F      G
               +--------+--------+--------+--------+--------+-----+--------+
         Total |     69 |     69 |      0 |      0 |     21 |   1 |   69.0 |
       Dungeon |     69 |     69 |      0 |      0 |     21 |   1 |   69.0 |
               +--------+--------+--------+--------+--------+-----+--------+

Top non-repeatable levels by time:
     D:1: 69 daAuts
